Map: Proxima Station LE

Players

iaguz - Winner!

  • Race: Terran Terran
  • Spawn Location: 7:00

Stephano

  • Race: Zerg Zerg
  • Spawn Location: 1:00

Event: WCS Valencia 2017

VOD

Have the link to the VOD?

Description

Time

  • Played on: July 13, 2017, 1:17 p.m.
  • Length: 17:51

All games in this series

Show
View Real Time Build Order
Export as new Build Order

iaguz Terran - Winner!

Build Orders: Bio Tank 

Get SALT Encoding   

  12  0:00  SCV  
  13  0:12  SCV  
  14  0:18  Supply Depot  
  14  0:24  SCV  
  15  0:40  SCV  
  15  0:42  Barracks  
  16  0:46  Refinery  
  16  0:52  SCV  
  17  1:04  SCV  
  18  1:16  SCV  
  19  1:28  Barracks Reactor  
  19  1:29  Orbital Command  
  19  1:40  Command Center  
  19  1:50  Supply Depot  
  19  1:55  SCV  
  20  2:06  Marine  
  20  2:07  Factory  
  21  2:09  SCV  
  21  2:10  Marine  
  23  2:16  Refinery  
  23  2:21  SCV  
  24  2:23  Marine  
  24  2:28  Marine  
  26  2:35  SCV  
  27  2:51  SCV  
  28  2:54  Starport  
  32  2:58  Hellion x2  
  32  2:59  Orbital Command  
  32  3:03  SCV  
  30  3:15  SCV  
  34  3:20  Hellion x2  
  34  3:26  SCV  
  35  3:27  SCV  
  35  3:33  Medivac  
  38  3:37  Supply Depot  
  38  3:38  SCV  
  38  3:40  SCV  
  40  3:42  Widow Mine x2  
  44  3:51  SCV  
  44  3:52  SCV  
  46  3:58  Barracks Tech Lab  
  46  4:03  SCV, Command Center  
  46  4:06  SCV  
  48  4:15  SCV  
  49  4:20  SCV  
  50  4:26  Raven  
  50  4:27  SCV, Barracks Tech Lab  
  53  4:32  SCV  
  53  4:34  Barracks, Factory Tech Lab  
  53  4:37  Barracks  
  54  4:44  Supply Depot  
  54  4:45  Supply Depot  
  54  4:46  Engineering Bay  
  54  4:48  Engineering Bay  
  54  4:59  SCV x2  
  54  5:01  Marine  
  49  5:11  SCV x2  
  49  5:13  Refinery  
  49  5:14  Refinery, Terran Infantry Weapons Level 1  
  51  5:17  Terran Infantry Armor Level 1  
  51  5:18  Raven  
  51  5:19  Marine  
  52  5:21  Orbital Command  
  52  5:24  Marine  
  52  5:25  Marine  
  52  5:33  SCV x2, Barracks x2  
  52  5:34  Barracks Reactor  
  54  5:39  Marine  
  54  5:41  Stimpack  
  55  5:44  Marine x2  
  55  5:45  SCV x2  
  55  5:47  Orbital Command  
  59  5:56  Siege Tank  
  62  5:57  Marine, SCV x2  
  62  5:58  Supply Depot  
  62  6:01  Marine  
  62  6:02  Marine  
  67  6:09  SCV x2  
  69  6:15  Marine, SCV  
  69  6:17  Starport Reactor  
  71  6:19  Marine x2, Armory  
  71  6:21  Marine x2, SCV x2  
  71  6:24  Barracks Reactor  
  71  6:25  Barracks Reactor  
  77  6:27  SCV  
  77  6:31  Supply Depot  
  78  6:33  SCV  
  78  6:35  Marine  
  78  6:36  Siege Tank  
  78  6:37  Marine  
  84  6:43  SCV x2  
  84  6:45  Marine  
  84  6:46  Marine x2  
  89  6:50  Barracks Reactor, SCV  
  89  6:53  Marine  
  91  6:55  Marine, SCV x2  
  91  6:59  Medivac x2  
  91  7:00  Supply Depot  
  91  7:01  Marine x2, Supply Depot  
  97  7:03  Marine x2  
  101  7:16  Supply Depot  
  101  7:17  Supply Depot  
  101  7:21  SCV x3  
  104  7:23  Refinery x2, Terran Infantry Weapons Level 2  
  104  7:33  SCV x3  
  104  7:34  Marine x3  
  110  7:37  Marine x4  
  110  7:38  Siege Tank, Marine x2  
  110  7:41  Combat Shields  
  119  7:45  SCV x2  
  119  7:46  Medivac x2  
  125  7:51  Marine x2  
  125  7:52  Marine  
  125  7:55  Marine x4  
  132  8:02  Supply Depot x2  
  132  8:03  Supply Depot x2  
  132  8:07  Supply Depot  
  132  8:08  Marine x2  
  132  8:09  Marine  
  126  8:14  Siege Tank  
  126  8:17  SCV x2  
  126  8:18  Terran Infantry Armor Level 2, SCV, Factory  
  132  8:24  Marine x3  
  132  8:25  Marine, Medivac  
  138  8:33  Marine x4  
  142  8:35  Marine  
  142  8:36  Medivac  
  145  8:42  Marine x2, Barracks  
  147  8:48  Marine x2  
  147  8:49  Siege Tank  
  147  8:51  Marine x2  
  147  8:55  Command Center  
  154  9:03  Factory Tech Lab  
  154  9:04  Supply Depot x2  
  154  9:05  Marauder, Marine x2, Supply Depot  
  154  9:09  Marine x3  
  160  9:16  Marine x2  
  158  9:17  Marine  
  158  9:22  Marine  
  158  9:23  Marine  
  158  9:27  Siege Tank, Marauder, Marine x3  
  158  9:30  Unknown  
  158  9:31  Unknown x3  
  157  9:34  Marine  
  157  9:36  Siege Tank, Marine x2  
  157  9:37  Medivac x2  
  168  9:39  Barracks Tech Lab  
  168  9:43  Marine x2  
  168  9:45  Marine  
  170  9:47  Terran Infantry Weapons Level 3  
  170  9:48  Marauder  
  162  9:53  Marine x2  
  134  10:09  Marine x5  
  134  10:10  Siege Tank x2, Medivac x2  
  134  10:11  Marine  
  134  10:12  Marauder  
  152  10:23  Liberator  
  152  10:24  Marine  
  152  10:25  Marauder, Marine  
  152  10:27  Marine x2, Concussive Shells  
  158  10:29  Marine x2  
  158  10:32  Starport  
  158  10:34  Liberator  
  162  10:36  Marine x2  
  167  10:42  Marine  
  167  10:47  Marine  
  167  10:48  Marine  
  167  10:49  Siege Tank  
  176  10:51  Siege Tank  
  176  10:55  Marauder, Marine x2  
  181  11:00  Liberator  
  181  11:03  Marine x2  
  183  11:13  Liberator  
  183  11:16  Marine x4  
  183  11:17  Liberator  
  193  11:20  Marine  
  193  11:24  Marine  
  193  11:25  Planetary Fortress  
  191  11:33  Siege Tank, Marine x4  
  191  11:39  Marine  
  200  11:55  Marine  
  200  11:56  Marauder  
  200  11:58  Marauder, Marine x5  
  200  11:59  Marine x2  
  200  12:01  Siege Tank  
  172  12:02  Liberator  
  172  12:04  Liberator  
  141  12:13  Marine  
  141  12:15  Siege Tank  
  136  12:16  Marine x5  
  136  12:17  Marauder, Marine x2  
  136  12:20  Marauder, Refinery  
  136  12:21  Refinery  
  153  12:26  Starport Reactor  
  153  12:31  Marine  
  153  12:33  Marine  
  153  12:34  Marine x5  
  153  12:35  Marine  
  161  12:39  Marauder  
  161  12:41  Marine  
  164  12:46  Siege Tank  
  164  12:49  Marine  
  164  12:50  Siege Tank  
  164  12:51  Liberator x2, Marine x2  
  171  12:52  Marine x4  
  171  12:53  Marine  
  171  12:55  Liberator  
  178  12:59  Marauder  
  178  13:00  Marauder  
  178  13:03  Liberator  
  169  13:07  Marine  
  169  13:09  Marine x4  
  169  13:10  Marine x2  
  169  13:11  Marine  
  177  13:20  Marauder  
  177  13:21  Marauder  
  177  13:24  Marine  
  185  13:27  Marine x5  
  185  13:28  Marine  
  191  13:34  Command Center  
  191  13:37  Marine  
  191  13:40  Siege Tank x2  
  198  13:42  Marauder  
  198  13:43  Liberator x2  
  200  13:54  Marine x5  
  200  13:55  Marauder  
  192  13:57  Marine x3  
  188  14:03  Marauder  
  188  14:08  Orbital Command, Medivac x2  
  168  14:12  Marine x5  
  168  14:15  Marine  
  168  14:16  Marauder  
  172  14:22  Marine  
  169  14:33  Marine x2  
  169  14:34  Marine x5  
  169  14:35  Siege Tank  
  169  14:36  Siege Tank  
  180  14:38  Medivac x2  
  180  14:42  Marauder, Marine x2  
  180  14:43  Medivac  
  190  14:52  Marine x3  
  193  14:57  Marine x2  
  195  15:00  Marauder, Marine  
  195  15:01  Marine x2  
  195  15:06  Liberator x2  
  200  15:10  Marine  
  180  15:16  Liberator  
  180  15:17  Marine  
  180  15:20  Marine  
  153  15:21  Marine x4  
  153  15:22  Siege Tank  
  153  15:23  Siege Tank  
  153  15:25  Liberator, Marine x2  
  153  15:26  Marauder  
  163  15:30  Marine  
  167  15:35  Refinery  
  167  15:36  Refinery  
  167  15:41  Marine x2  
  172  15:43  Marine x4  
  172  15:44  Marauder, Marine  
  172  15:47  Marauder  
  172  15:48  Marine  
  182  15:57  Siege Tank x2  
  182  15:59  Marine x2  
  182  16:00  Marine  
  182  16:01  Marine x2  
  193  16:05  Marauder  
  193  16:06  Marine x3  
  193  16:09  Marauder  
  200  16:14  Liberator x3  
  188  16:29  Marauder, Marine  
  188  16:32  Siege Tank  
  173  16:33  Marine  
  173  16:34  Marauder  
  173  16:36  Marine  
  173  16:37  Marine x2  
  179  16:40  Marine x3  
  179  16:46  Marine  
  174  16:48  Siege Tank  
  174  16:50  Marauder  
  174  16:51  Marine  
  174  16:53  Marine  
  181  16:55  Marauder, Marine x2  
  181  16:57  Marine  
  181  16:58  Marine x2  
  188  17:04  Marine  
  189  17:08  Planetary Fortress  
  189  17:09  Marine  
  189  17:11  Siege Tank, Marine  
  200  17:17  Command Center  
  200  17:19  Refinery  
  200  17:20  Medivac  
  200  17:21  Refinery  
  199  17:26  Marine  
Show
View Real Time Build Order
Export as new Build Order

Stephano Zerg 

Build Orders: Hatch First 

Get SALT Encoding   

  12  0:00  Drone  
  13  0:12  Overlord  
  13  0:18  Drone  
  14  0:31  Drone x2  
  14  0:34  Drone  
  17  0:52  Hatchery  
  17  0:55  Drone  
  17  0:58  Drone  
  18  1:09  Extractor  
  17  1:13  Spawning Pool  
  17  1:16  Drone  
  17  1:20  Drone  
  18  1:29  Drone  
  19  1:39  Overlord  
  19  1:51  Drone  
  20  1:59  Queen  
  20  2:00  Zergling x2  
  23  2:04  Queen, Zergling x2  
  26  2:09  Metabolic Boost  
  26  2:17  Zergling x2  
  26  2:18  Zergling x2  
  28  2:23  Spine Crawler  
  28  2:24  Zergling x2  
  29  2:33  Overlord  
  29  2:36  Drone  
  30  2:44  Hatchery  
  30  2:49  Overlord  
  29  2:57  Drone  
  30  2:59  Drone x2  
  31  3:06  Queen  
  31  3:12  Drone x2  
  33  3:15  Drone  
  33  3:18  Drone  
  33  3:19  Drone  
  36  3:22  Drone x2  
  37  3:27  Drone x2  
  37  3:33  Drone x2  
  40  3:43  Drone  
  40  3:44  Queen  
  40  3:46  Overlord  
  43  3:52  Zergling x2  
  44  3:57  Zergling x8  
  44  4:02  Evolution Chamber  
  47  4:04  Evolution Chamber  
  47  4:07  Zergling x2  
  47  4:08  Drone x2  
  49  4:13  Drone  
  49  4:14  Drone  
  49  4:15  Drone x2  
  49  4:16  Drone  
  49  4:17  Queen  
  54  4:23  Drone x2  
  58  4:28  Spore Crawler  
  58  4:30  Drone  
  58  4:31  Spore Crawler  
  58  4:33  Spore Crawler  
  58  4:35  Queen  
  58  4:40  Overlord  
  58  4:43  Overlord  
  56  5:02  Drone x3  
  56  5:03  Zerg Ground Armor Level 1, Drone  
  56  5:06  Zergling x4  
  56  5:07  Zergling x6  
  62  5:12  Overlord  
  63  5:15  Drone x3  
  63  5:19  Spore Crawler  
  63  5:20  Overlord  
  66  5:22  Drone  
  66  5:23  Overlord  
  67  5:30  Zerg Missile Weapons Level 1  
  67  5:33  Drone x4  
  67  5:35  Extractor  
  70  5:36  Extractor  
  70  5:38  Extractor, Queen  
  70  5:39  Extractor  
  70  5:42  Extractor, Drone x2  
  70  5:43  Drone  
  70  5:46  Overlord  
  70  5:48  Drone x2  
  74  5:50  Drone  
  74  5:53  Overlord  
  74  5:54  Drone  
  74  5:55  Drone x2  
  77  5:58  Drone  
  77  6:01  Drone  
  79  6:04  Drone  
  79  6:10  Overlord  
  79  6:11  Drone x2  
  81  6:12  Drone x2  
  81  6:13  Drone x3  
  81  6:17  Lair  
  86  6:19  Drone  
  87  6:26  Overlord  
  87  6:31  Drone x2  
  89  6:41  Drone x2  
  89  6:42  Baneling Nest  
  87  7:00  Zergling x10  
  87  7:01  Zergling x2  
  93  7:02  Hatchery  
  93  7:03  Drone x3  
  93  7:05  Overlord  
  95  7:08  Drone x2  
  95  7:12  Drone x2  
  99  7:17  Hydralisk Den  
  99  7:18  Zergling x14  
  99  7:21  Pneumatized Carapace, Overlord  
  105  7:28  Zerg Missile Weapons Level 2, Zerg Ground Armor Level 2  
  105  7:29  Baneling  
  105  7:30  Baneling x3  
  105  7:48  Hydralisk  
  105  7:49  Hydralisk x7  
  120  7:52  Muscular Augments  
  120  7:53  Hydralisk  
  120  7:54  Overseer  
  120  7:56  Hydralisk  
  124  7:59  Baneling x3  
  120  8:10  Overseer  
  118  8:14  Centrifical Hooks  
  118  8:20  Drone  
  118  8:21  Drone x2  
  118  8:23  Hydralisk x3  
  118  8:24  Overlord  
  118  8:25  Overlord x2  
  127  8:31  Overlord  
  127  8:35  Extractor, Drone x2, Overlord  
  127  8:36  Extractor  
  127  8:37  Baneling x5  
  127  8:39  Infestation Pit  
  126  8:44  Hydralisk x2  
  126  8:45  Hydralisk  
  126  8:48  Hydralisk x3  
  132  8:50  Hydralisk  
  132  8:54  Hydralisk  
  140  8:59  Overlord  
  140  9:01  Zergling x8  
  140  9:02  Zergling x10  
  149  9:03  Zergling x2  
  149  9:06  Baneling x4  
  149  9:07  Zergling x4  
  151  9:16  Hydralisk x5  
  146  9:24  Zergling x16  
  146  9:25  Zergling x2  
  145  9:33  Zergling x8  
  145  9:36  Zergling x4  
  145  9:38  Queen  
  153  9:42  Zergling x2  
  153  9:45  Baneling x10  
  154  9:52  Zergling x8  
  145  9:56  Zergling x10  
  144  10:02  Baneling x4  
  144  10:03  Baneling  
  144  10:04  Hive  
  139  10:16  Hydralisk x8  
  155  10:29  Overlord x2  
  151  10:36  Drone  
  151  10:37  Drone x5  
  151  10:40  Hatchery  
  151  10:45  Zergling x12  
  157  10:59  Zergling x18  
  166  11:15  Hydralisk, Overlord x2  
  166  11:16  Hydralisk x4  
  176  11:18  Zerg Ground Armor Level 3  
  176  11:19  Zerg Melee Weapons Level 1  
  176  11:22  Ultralisk Cavern  
  175  11:31  Overlord  
  175  11:32  Overlord  
  175  11:38  Zergling x2  
  175  11:39  Zergling x14  
  181  11:50  Zergling x8  
  183  11:58  Zergling x10  
  156  12:05  Hydralisk x3  
  124  12:15  Chitinous Plating  
  124  12:17  Ultralisk x4  
  124  12:18  Queen  
  150  12:25  Baneling  
  150  12:26  Baneling x13  
  150  12:30  Overlord  
  150  12:36  Zergling x14  
  157  12:43  Ultralisk  
  163  12:51  Drone x5  
  167  12:54  Viper x3  
  177  12:59  Overseer  
  168  13:08  Zergling x16  
  165  13:20  Extractor  
  165  13:21  Extractor  
  165  13:26  Zerg Melee Weapons Level 2  
  162  13:28  Ultralisk  
  168  13:39  Hatchery  
  132  14:06  Ultralisk x5  
  124  14:21  Hydralisk x7  
  136  14:25  Hydralisk  
  134  14:31  Hydralisk x3  
  134  14:34  Hydralisk  
  142  14:42  Hydralisk x2  
  142  14:43  Hydralisk  
  142  14:45  Zergling x2  
  149  14:47  Zergling x4  
  149  14:50  Zergling x2  
  152  14:54  Viper  
  152  14:58  Zergling x8  
  137  15:16  Ultralisk  
  137  15:20  Ultralisk  
  117  15:24  Zergling x18  
  110  15:28  Baneling x3  
  110  15:29  Baneling x3  
  110  15:39  Ultralisk  
  116  15:45  Baneling x2  
  116  15:46  Baneling  
  122  15:50  Ultralisk  
  120  15:58  Ultralisk  
  125  16:08  Ultralisk  
  118  16:30  Ultralisk x2  
  118  16:32  Ultralisk  
  122  16:35  Hydralisk  
  124  16:47  Hydralisk x4  
  126  16:54  Viper  
  126  16:56  Zergling x8  
  126  16:59  Hydralisk x2  
  135  17:09  Ultralisk  
  135  17:15  Overseer  
  141  17:18  Zergling x2  
  141  17:19  Zergling x8  
Tags
 
Add a new tag
Caveats
  • Supply blocks, unpowered buildings, or Contaminate may cause inaccurate times.
  • Supply counts are checked every 10 seconds.